AoeStats
← NikolastrA

Arabia

510824834Analyzed
1v1 RM · 22h ago on Oct 2, 2026· 62m 17s· 2 players
Game mode
Random Map
Map size
Tiny (2 player)
Population
200
Speed
Normal
Resources
Standard
Victory
Conquest
Starting age
Dark Age
Ending age
Imperial Age
RankedLock teamsTeams togetherTeam positionsShared explorationLock speedFull tech treeHidden civsTurbo modeCheats
Victory
Defeat
🇲🇽 Burgundians · Mexico
656
+17
🇨🇴 Japanese · Colombia
669
-17
CAR FUHRK
3:07 Loom
10:48 Feudal Age
10:19 Double-Bit Axe
10:19 Horse Collar
16:14 Heavy Plow
16:29 Bow Saw
24:52 Castle Age
23:44 Forging
23:41 Scale Barding Armor
23:47 Forging
27:24 Iron Casting
28:12 Cavalier
28:54 Husbandry
33:51 Chain Barding Armor
52:23 Imperial Age
50:31 Wheelbarrow
50:15 Gold Mining
54:17 Chemistry
53:38 Ballistics
53:03 Paladin
57:08 Burgundian Vineyards
60:54 Gold Shaft Mining
60:39 Hand Cart
62:09 Murder Holes
62:25 Fortified Wall
NikolastrA
10:24 Loom
12:30 Feudal Age
13:21 Horse Collar
13:28 Double-Bit Axe
13:22 Man-at-Arms
16:58 Gold Mining
19:54 Town Watch
23:52 Castle Age
22:09 Forging
22:00 Scale Mail Armor
23:26 Scale Barding Armor
23:13 Fletching
23:56 Long Swordsman
26:28 Bodkin Arrow
26:58 Squires
26:19 Pikeman
27:39 Stone Mining
29:18 Padded Archer Armor
32:48 Iron Casting
37:14 Imperial Age
37:27 Wheelbarrow
59:31 Bow Saw
61:23 Gold Shaft Mining
61:41 Conscription
62:07 Hand Cart
61:50 Halberdier
Connection lost

Rejoining the realm…

Still unreachable

The connection could not be restored.

Session expired

The server has moved on; the page needs a fresh start.